 Dungeon Crawl Stone Soup version 0.30-a0-243-gaa749bd8e4 (webtiles) character file.

Game seed: 18204314131499160052

1930 iamserjio the Trooper (level 9, -6/57 HPs)
             Began as an Octopode Chaos Knight on Oct 12, 2022.
             Was a Follower of Uskayaw.
             Mangled by an orc knight
             ... wielding a +0 glaive
              (27 damage)
             ... in a bailey.
             The game lasted 00:11:14 (6750 turns).

iamserjio the Trooper (Octopode Chaos Knight)       Turns: 6750, Time: 00:11:14

Health: -6/57      AC:  1    Str: 11    XL:     9   Next: 17%
Magic:  13/13      EV: 18    Int: 22    God:    Uskayaw [*.....]
Gold:   388        SH:  0    Dex: 12    Spells: 8/14 levels left

rFire   . . .      SeeInvis .    e - +2 dagger (venom)
rCold   + . .      Faith    .    (no shield)
rNeg    . . .      Spirit   .    (helmet restricted)
rPois   .          Reflect  .    (no amulet)
rElec   .          Harm     .    l - +4 ring of evasion
rCorr   .          Rampage  .    z - +6 ring of intelligence
Will    .....                    (no ring)
Stlth   ++........               (no ring)
HPRegen 0.29/turn                (no ring)
MPRegen 0.13/turn                (no ring)
                                 (no ring)
                                 (no ring)

@: confused, unable to read
A: almost no armour, amphibious, 8 rings, camouflage 1, gelatinous body 1,
(nimble swimmer 1), tentacles, cold resistance 1, dopey 1, frail 1, screaming 1,
inability to read after injury 1
a: Renounce Religion, Stomp


You were in a bailey.
You worshipped Uskayaw.
Uskayaw was noncommittal.
You visited 2 branches of the dungeon, and saw 8 of its levels.
You also visited: Bailey.

You collected 399 gold pieces.
You spent 11 gold pieces at shops.

Inventory:

Hand Weapons
 a - a +0 spear of chaos
 e - a +2 dagger of venom (weapon)
 j - a +1 vorpal sling
 q - a +0 trident
 D - a +0 rapier
 F - a +2 short sword of venom
Missiles
 n - 6 poisoned darts (quivered)
 o - 3 boomerangs
Jewellery
 f - an amulet of magic regeneration
 l - a +4 ring of evasion (left tentacle)
 z - a +6 ring of intelligence (right tentacle)
Wands
 r - a wand of polymorph (4)
 A - a wand of flame (4)
 C - a wand of iceblast (6) {@v2}
Scrolls
 h - 2 scrolls of amnesia {unknown}
 i - a scroll of enchant armour {unknown}
 k - a scroll of noise
 v - a scroll of fear {unknown}
 w - a scroll of blinking {@r4}
 y - 2 scrolls of teleportation {unknown}
 B - a scroll of silence {unknown}
 H - a scroll of fog {unknown}
Potions
 c - a potion of curing {@q1}
 d - a potion of resistance {unknown}
 g - 2 potions of flight {unknown}
 m - 4 potions of heal wounds {unknown}
 p - a potion of might {unknown}
 s - a potion of haste {unknown}
 t - 3 potions of cancellation {unknown}
 u - 2 potions of mutation {unknown}
 x - 2 potions of lignification {unknown}
 E - 9 potions of degeneration
 I - 2 potions of magic {unknown}
 J - 2 potions of brilliance {unknown}
Miscellaneous
 b - a piece from Xom's chessboard (9/15)


   Skills:
 - Level 7.3 Fighting
 * Level 3.3 Short Blades
 - Level 3.0 Polearms
 - Level 4.4 Dodging
 - Level 3.0 Spellcasting
 - Level 5.4 Ice Magic
 - Level 3.4 Invocations
 + Level 2.7 Evocations


You had 8 spell levels left.
You knew the following spells:

 Your Spells              Type           Power      Damage    Failure   Level
a - Ozocubu's Armour      Ice            27%        N/A       4%          3
b - Swiftness             Air            3%         N/A       36%         3

Your spell library contained the following spells:

 Spells                   Type           Power      Damage    Failure   Level
 Foxfire                  Conj/Fire      12%        2x1d4     12%         1
 Shock                    Conj/Air       12%        1d3       12%         1
 Gell's Gravitas          Tloc           3%         N/A       36%         3
 Ignite Poison            Fire/Tmut/Pois 3%         N/A       36%         3
 Teleport Other           Tloc           3%         N/A       36%         3
 Metabolic Englaciation   Hex/Ice        7%         N/A       75%         5
 Airstrike                Air            1%         2d(1-17)  77%         4
 Sticky Flame             Conj/Fire      3%         2d3       77%         4
 Alistair's Intoxication  Tmut/Pois      2%         N/A       98%         5
 Iskenderun's Battlesphe  Conj           3%         2d6       98%         5
 Simulacrum               Ice/Necr       7%         N/A       99%         6
 Dispersal                Tloc           1%         N/A       100%        6
 Spellforged Servitor     Conj/Summ      1%         N/A       100%        7
 Ignition                 Fire           1%         3d3       100%        8


Dungeon Overview and Level Annotations

Branches:
Dungeon (7/15)             Temple (1/1) D:4          Bailey (1/1)

Altars:
Ashenzari
Cheibriados
Dithmenos
Elyvilon
Fedhas
Gozag
Hepliaklqana
Makhleb
Nemelex Xobeh
Okawaru
Ru
Sif Muna
Trog
Uskayaw
Vehumet
Wu Jian
Xom
Yredelemnul
Zin
The Shining One

Shops:
D:1 ([   D:2 *

Annotations:
D:3 exclusion: phantom, Grinder


Innate Abilities, Weirdness & Mutations

You cannot wear most types of armour.
You are amphibious.
You can wear up to eight rings at the same time.
Your skin changes colour to match your surroundings (Stealth+).
Your rubbery body absorbs attacks. (AC +1, EV +1)
((You are camouflaged when in or above water. (Stealth+)))
You have tentacles for arms and can constrict up to eight enemies at once.
Your flesh is cold resistant. (rC+)
You are dopey. (Int -2)
You are frail. (-10% HP)
You occasionally shout uncontrollably at your foes.
You occasionally lose the ability to read scrolls when taking damage.


Message History

Things that are here:
a +0 trident; a +0 ring mail; an orc skeleton
Things that are here:
a +0 halberd; a +0 scale mail; an orc skeleton
Things that are here:
a +0 spear; a +0 chain mail You see here a +0 spear.
The swamp drake breathes poison at you. The noxious blast misses you.
You are engulfed in noxious fumes.
You choke on the stench!
You are confused.
You feel better.
You are engulfed in noxious fumes.
You choke on the stench!
You are confused.
The orc knight is engulfed in noxious fumes.
The orc knight hits you from afar with a +0 glaive!
You feel less confused.
The orc knight hits you with a +0 glaive!!
The swamp drake misses you.
The orc knight attacks as you move away!
The orc knight closely misses you.
The swamp drake attacks as you move away!
The swamp drake completely misses you.
The orc knight hits you from afar with a +0 glaive.
Okay, then.
Okay, then.
Things that are here:
a +0 trident; a +0 ring mail; an orc skeleton
Things that are here:
a +0 halberd; a +0 scale mail; an orc skeleton
Things that are here:
a +0 spear; a +0 chain mail The swamp drake breathes poison at you.
The noxious blast misses you.
You are engulfed in noxious fumes.
You choke on the stench!
You are confused.
You are engulfed in noxious fumes.
You choke on the stench!
You are more confused.
The orc knight hits you from afar with a +0 glaive!!
You feel threatened and lose the ability to read scrolls!
You die...

### ############ ..##
##........∩.##
...######.....#k@....#
#..#...)#....###)....#
8..'...)'.....8)o...∩#
#..#....#)).)###)....#
...######.....#......#
..## ##...o....∩.##
### ############


You could see an orc knight and a swamp drake.

Vanquished Creatures
  A steam dragon (Bailey)
  2 orc warriors (Bailey)
  An ice beast (D:6)
  2 black bears (D:6)
  An ogre (D:6)
  A centaur (D:4)
  A phantom (D:4)
  A kobold brigand (D:6)
  A gnoll sergeant (D:5)
  A necrophage (D:5)
  3 scorpions (D:6)
  A jelly (D:4)
  A howler monkey (D:4)
  A gnoll bouda (D:4)
  An orc priest (D:4)
  4 hounds
  3 iguanas
  Jessica (D:3)
  17 gnolls
  4 adders
  2 shadow imps (D:6)
  2 dart slugs
  20 orcs
  9 ball pythons
  9 endoplasms
  6 giant cockroaches
  11 goblins
  4 hobgoblins
  9 jackals (D:1)
  14 kobolds
  5 quokkas
  4 bats
  3 frilled lizards (D:1)
  27 rats
173 creatures vanquished.

Vanquished Creatures (others)
  16 plants
16 creatures vanquished.

Grand Total: 189 creatures vanquished

Notes
Turn   | Place    | Note
-------+----------+-------------------------------------------
     0 | D:1      | iamserjio the Octopode Chaos Knight began the quest for the
                  | Orb.
     0 | D:1      | Reached XP level 1. HP: 16/16 MP: 1/1
    82 | D:1      | Reached XP level 2. HP: 21/21 MP: 2/2
   128 | D:1      | XOM: silly message
   193 | D:1      | XOM: silly message
   213 | D:1      | Reached XP level 3. HP: 25/27 MP: 3/3
   467 | D:1      | Found Teoxobuq's Armour Shop.
   503 | D:1      | Reached skill level 4 in Fighting
   679 | D:1      | XOM: silly message
   753 | D:1      | XOM: potion effect (invisibility)
   816 | D:1      | Found Casekana's Weapon Emporium.
   836 | D:1      | Reached XP level 4. HP: 32/33 MP: 4/4
   966 | D:2      | XOM: god gift: 4 large rocks
  1071 | D:2      | Learned a level 3 spell: Ozocubu's Armour
  1102 | D:2      | Found Xoece's General Store.
  1164 | D:2      | Bought a scroll of noise for 11 gold pieces
  1412 | D:2      | XOM is BORED!
  1574 | D:2      | Reached XP level 5. HP: 38/38 MP: 5/5
  1757 | D:3      | Found a faded altar of an unknown god.
  1782 | D:3      | XOM: give mutations
  1782 | D:3      | Gained mutation: You are dopey. (Int -2) [Xom's mischief]
  1782 | D:3      | Gained mutation: You occasionally shout uncontrollably at
                  | your foes. [Xom's mischief]
  1838 | D:3      | Found a sparkling altar of Nemelex Xobeh.
  1910 | D:3      | Reached skill level 1 in Ice Magic
  1940 | D:3      | XOM: silly message
  2015 | D:3      | Noticed Jessica
  2024 | D:3      | Killed Jessica
  2025 | D:3      | Reached skill level 5 in Fighting
  2283 | D:3      | Noticed a phantom
  2335 | D:3      | Noticed Grinder
  2374 | D:3      | Found a snail-covered altar of Cheibriados.
  2423 | D:4      | Reached skill level 1 in Spellcasting
  2424 | D:4      | Noticed a phantom
  2426 | D:4      | XOM: silly message
  2438 | D:4      | Killed a phantom
  2439 | D:4      | Reached XP level 6. HP: 27/45 MP: 7/7
  2792 | D:4      | Found a staircase to the Ecumenical Temple.
  2806 | Temple   | Entered the Ecumenical Temple
  2862 | Temple   | Fell from the grace of Xom
  2862 | Temple   | Became a worshipper of Uskayaw the Reveller
  2911 | D:4      | Reached * piety under Uskayaw
  2914 | D:4      | Reached ** piety under Uskayaw
  3148 | D:4      | XOM: swap monsters
  3152 | D:4      | Reached XP level 7. HP: 22/51 MP: 9/9
  3506 | D:4      | Found a glowing silver altar of Zin.
  3638 | D:4      | XOM: stat loss: -1 Str (10/11)
  3693 | D:4      | Found a blossoming altar of Fedhas.
  3697 | D:4      | Found a bloodstained altar of Trog.
  3699 | D:4      | Found an opulent altar of Gozag.
  3705 | D:4      | Reached skill level 6 in Fighting
  3750 | D:4      | Found an iron altar of Okawaru.
  3802 | D:5      | Entered Level 5 of the Dungeon
  3846 | D:4      | Reached *** piety under Uskayaw
  4097 | D:5      | Reached skill level 1 in Invocations
  4242 | D:5      | XOM: give mutation
  4242 | D:5      | Gained mutation: You sometimes lose your temper in combat.
                  | [Xom's mischief]
  4911 | D:5      | Learned a level 3 spell: Swiftness
  4973 | D:6      | Reached XP level 8. HP: 43/57 MP: 8/12
  5191 | D:6      | Got the Anthology of Destructive Forms
  5352 | D:6      | XOM: noise
  5545 | D:6      | Reached skill level 5 in Ice Magic
  5638 | D:6      | XOM: give mutations
  5638 | D:6      | Gained mutation: Your flesh is cold resistant. (rC+) [Xom's
                  | mischief]
  5638 | D:6      | Lost mutation: You sometimes lose your temper in combat.
                  | [Xom's mischief]
  5638 | D:6      | Gained mutation: You are frail. (-10% HP) [Xom's mischief]
  5638 | D:6      | Gained mutation: You occasionally lose the ability to read
                  | scrolls when taking damage. [Xom's mischief]
  5847 | D:6      | XOM: torment (27/52 hp)
  5942 | D:6      | Reached skill level 7 in Fighting
  5984 | D:6      | XOM: god gift: scroll labelled RAMMEL FIRADE {god gift}
  6201 | D:7      | Found a flagged portal.
  6222 | D:7      | Reached skill level 1 in Evocations
  6336 | Bailey   | Entered a bailey
  6529 | Bailey   | Reached skill level 1 in Short Blades
  6613 | Bailey   | Reached XP level 9. HP: 57/57 MP: 13/13
  6616 | Bailey   | Reached **** piety under Uskayaw
  6708 | Bailey   | Noticed an orc knight
  6750 | Bailey   | Mangled by an orc knight

Illustrated notes

Levels and vault maps discovered:
D:1:      onia_arrival_handbag, layout_basic, serial_shops,
          nicolae_shop_bloodbath_and_beyond, shop
D:2:      layout_loops_ring, serial_shops, shop_statue,
          chequers_serial_rivers_micro_c, minmay_shallow_snake_nest
D:3:      layout_loops_cross, mainiacjoe_overflow_small_starburst,
          kennysheep_slug_shrine, ebering_ecumenical_altar_mist,
          minmay_rat_hole, uniq_grinder, uniq_jessica
D:4:      layout_gridville, zin_statuary, grunt_temple_overflow_open,
          minmay_temple_entry_glass
D:5:      layout_basic, nicolae_grassy_gnolls
D:6:      layout_loops_ring, grunt_ministairs_15, kennysheep_crisscross
D:7:      layout_loops_ring, enter_bailey_7
Temple:   dshaligram_water_room_temple
Bailey:   bailey_polearm_5, bailey

Skill      XL: |  1  2  3  4  5  6  7  8  9 |
---------------+----------------------------+-----
Fighting       | 4 5 6 7 |  7.3
Dodging        | 3 4 |  4.4
Ice Magic      | 2 3 4 5 |  5.4
Spellcasting   | 1 2 3 |  3.0
Invocations    | 2 3 |  3.4
Evocations     | 1 2 |  2.7
Short Blades   | 2 3 |  3.3
Polearms       | |  3.0

Action                   |  1- 3 |  4- 6 |  7- 9 || total
-------------------------+-------+-------+-------++-------
Melee: Spear             |    66 |    40 |    86 ||   192
       Tentacles         |    15 |    36 |    56 ||   107
       Constrict         |    19 |    31 |    42 ||    92
       Punch             |     1 |       |     4 ||     5
       Dagger            |    22 |   126 |   101 ||   249
Throw: Dart              |       |       |     1 ||     1
 Cast: Ozocubu's Armour  |       |       |     2 ||     2
Evoke: Piece from Xom's  |       |     8 |     8 ||    16
       Wand              |       |       |    10 ||    10
  Use: Scroll            |       |       |     2 ||     2
       Potion            |       |       |     1 ||     1
 Stab: Sleeping          |    11 |     5 |     4 ||    20
       Distracted        |       |     1 |       ||     1
       Confused          |       |     1 |       ||     1
       Petrified         |       |       |     8 ||     8
       Paralysed         |       |       |     2 ||     2
Armor: Skin              |     1 |     5 |     2 ||     8
Dodge: Dodged            |    28 |   117 |   139 ||   284

Table legend: (Time is in decaauts)
 A = Elapsed time spent in this place.
 B = Non-inter-level travel time spent in this place.
 C = Inter-level travel time spent in this place.
 D = Time resting spent in this place.
 E = Time spent auto-exploring this place.
 F = Levels seen in this place.
 G = Mean time per level.
                   A        B        C        D        E       F      G
               +--------+--------+--------+--------+--------+-----+--------+
         Total |   6736 |   6496 |    240 |   1276 |   3850 |   9 |  748.4 |
       Dungeon |   6251 |   6026 |    225 |   1045 |   3807 |   7 |  893.0 |
        Temple |     72 |     57 |     15 |      0 |     43 |   1 |   72.0 |
        Bailey |    412 |    412 |      0 |    231 |      0 |   1 |  412.0 |
               +--------+--------+--------+--------+--------+-----+--------+

Top non-repeatable levels by time:
     D:4: 1468 daAuts
     D:6: 1209 daAuts
     D:5: 990 daAuts
     D:1: 923 daAuts
     D:2: 807 daAuts
     D:3: 678 daAuts
  Bailey: 412 daAuts
     D:7: 174 daAuts
  Temple: 72 daAuts
